 Dungeon Crawl Stone Soup version 0.21.1-1-g345015f (webtiles) character file.

119 inc the Ducker (level 4, 18/18 HPs)
             Began as a Felid Enchanter on Feb 25, 2018.
             Was an Initiate of Gozag.
             Quit the game on level 3 of the Dungeon.
             The game lasted 00:08:11 (3947 turns).

inc the Ducker (Felid Enchanter)                    Turns: 3947, Time: 00:08:12

Health: 18/18      AC:  1    Str:  4    XL:     4   Next: 74%
Magic:  8/8        EV: 21    Int: 18    God:    Gozag
Gold:   314        SH:  0    Dex: 16    Spells: 1/7 levels left
                                        Lives:  0   Deaths: 1

rFire    . . .     SeeInvis +     - Unarmed
rCold    . . .     Gourm    .   (shield unavailable)
rNeg     . . .     Faith    .   (armour unavailable)
rPois    .         Spirit   .   (helmet unavailable)
rElec    .         Reflect  .   (cloak unavailable)
rCorr    .         Harm     .   (gloves unavailable)
MR       .....                  (boots unavailable)
Stlth    +++.......             (no amulet)
HPRegen  0.06/turn              (no ring)
MPRegen  0.11/turn              (no ring)

@: quick
A: very small, no armour, no weapons or thrown items, stealth, claws 1, fangs 3,
see invisible, carnivore, speed 1, shaggy fur 1, slow metabolism 1, sharp paws
a: Potion Petition, Call Merchant, Bribe Branch, Renounce Religion


You were on level 3 of the Dungeon.
You worshipped Gozag.
Gozag was aware of your devotion.
You were not hungry.

You visited 1 branch of the dungeon, and saw 4 of its levels.

You collected 326 gold pieces.
You paid 12 gold pieces to Gozag.

Inventory:

Jewellery
 j - an uncursed amulet of harm
Scrolls
 d - a scroll of fear {unknown}
 e - a scroll of remove curse {unknown}
 f - 2 scrolls of noise {unknown}
 g - a scroll of immolation {unknown}
 h - 2 scrolls of teleportation {unknown}
 i - a scroll of fog {unknown}
 k - 2 scrolls of magic mapping {unknown}
 l - 2 scrolls of blinking {unknown}
 m - 2 scrolls of amnesia {unknown}
Books
 a - a book of Maledictions

   Spells                             Type                      Level
   a - Corona                         Hexes                        1
   b - Ensorcelled Hibernation        Hexes/Ice                    2
   c - Confuse                        Hexes                        3
   d - Tukima's Dance                 Hexes                        3
   e - Dazzling Spray                 Conjuration/Hexes            3
Comestibles
 b - 2 rations


   Skills:
 - Level 5.3 Dodging
 - Level 4.0 Stealth
 - Level 4.2 Unarmed Combat
 - Level 2.0 Spellcasting
 + Level 4.8 Hexes
 + Level 0.8 Ice Magic


You had one spell level left.
You knew the following spells:

 Your Spells              Type           Power        Failure   Level  Hunger
a - Corona                Hex            ###....      2%          1    #......
b - Ensorcelled Hibernat  Hex/Ice        ##....       9%          2    ###....
c - Confuse               Hex            ###.....     8%          3    ###....


Dungeon Overview and Level Annotations

Branches:
Dungeon (4/15)
 Temple: D:4-7

Altars:
Elyvilon
Gozag
Makhleb
Nemelex Xobeh
Sif Muna
Trog
Zin


Innate Abilities, Weirdness & Mutations

You cannot wear armour.
You are incapable of wielding weapons or throwing items.
Your paws allow you to move quietly. (Stealth)
You have sharp claws.
You have razor-sharp teeth.
You have supernaturally acute eyesight. (SInv)
You are carnivorous and can eat meat at any time.
You cover ground quickly.
You are covered in fur. (AC +1)
You have a slow metabolism.
Your sharp claws are effective at attacking unaware monsters.


Message History

There is a lethal amount of poison in your body!
* * * LOW HITPOINT WARNING * * *
You feel sick.
* * * LOW HITPOINT WARNING * * *
You feel sick.
* * * LOW HITPOINT WARNING * * *
You feel sick.
* * * LOW HITPOINT WARNING * * *
You feel sick.
* * * LOW HITPOINT WARNING * * *
You feel sick.
Your magical contamination has completely faded away.
Unknown command.
* * * LOW HITPOINT WARNING * * *
You feel sick.
You die...
You feel sick.
You are now level 4!
You rejoin the land of the living...
Are you sure you want to abandon this character and quit the game? (Confirm with "yes".)

###...####.####......## #.......
......###..## ##......#####......
............## ##.....#......####
.........##..####.......####.####
........................# #....#
......#######...........# ##.##.#
......# ##..........###...#.#
......# #.............._....
####### #..@......##.#...###
#.........##.##.## #
#########.##....# # #.#####.####
#.#####..... #.......####
#########


There were no monsters in sight!

Vanquished Creatures
  A hound (D:2)
  An iguana (D:3)
  2 orc wizards
  6 adders
  A dart slug (D:2)
  A leopard gecko (D:3)
  2 orcs
  A ball python (D:2)
  4 giant cockroaches
  7 goblins
  9 hobgoblins
  10 jackals
  5 kobolds
  A quokka (D:2)
  8 bats
  6 frilled lizards
  6 rats
71 creatures vanquished.

Vanquished Creatures (others)
  A plant (D:4)
1 creature vanquished.

Grand Total: 72 creatures vanquished

Notes
Turn   | Place    | Note
-------+----------+-------------------------------------------
     0 | D:1      | inc the Felid Enchanter began the quest for the Orb.
     0 | D:1      | Reached XP level 1. HP: 7/7 MP: 4/4
   349 | D:1      | Reached XP level 2. HP: 11/11 MP: 6/6
  1051 | D:2      | Reached XP level 3. HP: 14/14 MP: 7/7
  1272 | D:2      | Learned a level 2 spell: Ensorcelled Hibernation
  1431 | D:2      | Reached XP level 4. HP: 10/18 MP: 1/8
  1553 | D:2      | Found a bloodstained altar of Trog.
  1636 | D:2      | Found a burning altar of Makhleb.
  1711 | D:2      | Found a glowing silver altar of Zin.
  1711 | D:2      | Found an opulent altar of Gozag.
  1728 | D:2      | Became a worshipper of Gozag Ym Sagoz the Greedy
  1934 | D:2      | Found a sparkling altar of Nemelex Xobeh.
  2324 | D:3      | Reached skill level 3 in Dodging
  2714 | D:3      | Reached skill level 4 in Dodging
  2934 | D:4      | Reached XP level 5. HP: 21/21 MP: 6/9
  3368 | D:3      | Reached skill level 5 in Dodging
  3614 | D:3      | Found a white marble altar of Elyvilon.
  3639 | D:3      | Found a deep blue altar of Sif Muna.
  3770 | D:2      | Learned a level 3 spell: Confuse
  3942 | D:3      | HP: 1/21 [poisoned by an adder]
  3946 | D:3      | Succumbed to an adder's poison
  3947 | D:3      | Reached XP level 4. HP: 0/18 MP: 3/8
  3947 | D:3      | Quit the game

Skill      XL: |  1  2  3  4  5 |
---------------+----------------+-----
Unarmed Combat | 2 3 4 |  4.2
Dodging        | 4 5 |  5.3
Stealth        | |  4.0
Spellcasting   | |  2.0
Hexes          | |  4.8
Ice Magic      | |  0.8

Action                   |  1- 3 |  4- 6 || total
-------------------------+-------+-------++-------
Melee: Unarmed           |    81 |   108 ||   189
       Bite              |     4 |     8 ||    12
       Punch             |     2 |       ||     2
 Cast: Corona            |     9 |     3 ||    12
       Ensorcelled Hiber |     6 |    42 ||    48
  Use: Potion            |       |     3 ||     3
 Stab: Sleeping          |    11 |    26 ||    37
  Eat: Chunk             |     3 |       ||     3
       Ration            |       |     4 ||     4
Armor: Skin              |     3 |    14 ||    17
Dodge: Dodged            |    71 |   117 ||   188
